[Event "Friday 19 January Rapid Engine Tour 12+1 Rounds 9 Starts 1600 ST"]
[Site "Infinity Chess"]
[Date "2018.1.19"]
[Round "6"]
[White "Thinker"]
[Black "Boggyman"]
[Result "1/2-1/2"]
[ECO "C50"]
[WhiteElo "2421"]
[BlackElo "2434"]
[WhiteEngine "BrainFish_180113_x64_modern_CTG"]
[BlackEngine "Raubfisch ME262_GTZ16b3._CTG"]
[EventType "Swiss"]
[WhiteTeam ""]
[BlackTeam ""]
[PlyCount "71"]
[TimeControl "720+1"]

1. e4 e5 2. Nf3 Nc6 3. Bc4 Bc5 4. O-O Nf6 5. d3 d6 6. c3 O-O 7. Bg5 h6 8. Bh4 a6 
9. b4 Ba7 10. a4 g5 11. Bg3 Ne7 12. Nbd2 Kg7 13. d4 Nh5 14. Kh1 g4 15. Nh4 exd4 
16. Rc1 dxc3 17. Rxc3 Bd4 18. Rd3 Bb2 19. h3 Nxg3+ 20. Rxg3 d5 21. Bb3 Be5 
22. hxg4 Bxg3 23. fxg3 Be6 24. Qf3 f6 25. exd5 Bxd5 26. Bxd5 Nxd5 27. Ne4 Qd7 
28. Nd6 cxd6 29. Qxd5 Rae8 30. Qh5 Kg8 31. Nf5 Re5 32. Nxh6+ Kh7 33. Nf5+ Kg8 
34. Nh6+ Kh7 35. Nf5+ Kg8 36. Nh6+ 1/2-1/2

[Event "Friday 19 January Rapid Engine Tour 12+1 Rounds 9 Starts 1600 ST"]
[Site "Infinity Chess"]
[Date "2018.1.19"]
[Round "6"]
[White "Dinkelberger"]
[Black "BraveDevil"]
[Result "1/2-1/2"]
[ECO "B90"]
[WhiteElo "2426"]
[BlackElo "2372"]
[WhiteEngine "stockfish_18011309_x64_modern_CTG"]
[BlackEngine "Cryptic AIL V1"]
[EventType "Swiss"]
[WhiteTeam ""]
[BlackTeam ""]
[PlyCount "91"]
[TimeControl "720+1"]

1. e4 c5 2. Nf3 d6 3. d4 cxd4 4. Nxd4 Nf6 5. Nc3 a6 6. h3 e5 7. Nde2 b5 8. g4 b4 
9. Nd5 Nxd5 10. exd5 h5 11. gxh5 Rxh5 12. Be3 Nd7 13. Qd2 Rb8 14. Ng3 Rh8 
15. O-O-O a5 16. b3 Be7 17. Nf5 Bf8 18. Ng3 g6 19. h4 f5 20. Bg5 Be7 
21. Bc4 Bxg5 22. hxg5 Rxh1 23. Rxh1 Nf8 24. f4 Qb6 25. fxe5 dxe5 26. Re1 Qd6 
27. Qf2 Rb6 28. Rh1 Rb7 29. Kb1 Qb6 30. Qe2 Re7 31. Rh8 Qg1+ 32. Nf1 Qd4 
33. Bb5+ Bd7 34. Ne3 e4 35. Qh2 f4 36. Qh3 Qc3 37. Bxd7+ Rxd7 38. Qe6+ Re7 
39. Qxg6+ Rf7 40. Qxe4+ Re7 41. Qg6+ Rf7 42. d6 Qe1+ 43. Kb2 Qc3+ 44. Kb1 Qe1+ 
45. Kb2 Qc3+ 46. Kb1 1/2-1/2

[Event "Friday 19 January Rapid Engine Tour 12+1 Rounds 9 Starts 1600 ST"]
[Site "Infinity Chess"]
[Date "2018.1.19"]
[Round "6"]
[White "OlivierEvan"]
[Black "neófito"]
[Result "1/2-1/2"]
[ECO "C55"]
[WhiteElo "2380"]
[BlackElo "2442"]
[WhiteEngine "Houdini 6"]
[BlackEngine "asmFishW_2018-01-12_bmi2"]
[EventType "Swiss"]
[WhiteTeam ""]
[BlackTeam ""]
[PlyCount "121"]
[TimeControl "720+1"]

1. e4 e5 2. Nf3 Nc6 3. Bc4 Nf6 4. d3 Bc5 5. c3 d6 6. O-O a5 7. Bg5 Ba7 
8. Nbd2 h6 9. Bh4 g5 10. Bg3 Nd7 11. d4 h5 12. h4 f6 13. dxe5 Ndxe5 14. Bb5 Bd7 
15. hxg5 h4 16. Bxe5 Nxe5 17. a4 Qe7 18. gxf6 Qxf6 19. Nxe5 Qxe5 20. Bxd7+ Kxd7 
21. Qg4+ Ke7 22. Nf3 Qg3 23. Qxg3 hxg3 24. Nd4 Rag8 25. fxg3 Rxg3 26. Rf3 Rg4 
27. Re1 Kd7 28. g3 Bxd4+ 29. cxd4 Re8 30. Rf7+ Kc8 31. Kg2 Rgxe4 32. Rxe4 Rxe4 
33. Kh3 Rxd4 34. g4 Rd1 35. g5 Rg1 36. Kh4 d5 37. Kh5 Rh1+ 38. Kg6 d4 
39. Rf2 Kd7 40. Kf7 Rh7+ 41. Kf6 Rh8 42. Rd2 c5 43. g6 Rf8+ 44. Kg5 Rg8 
45. Re2 Kd6 46. Kf6 d3 47. Rg2 Rf8+ 48. Kg5 Rd8 49. g7 Rg8 50. Kf6 Kd5 
51. Kf7 Rd8 52. b3 c4 53. bxc4+ Kxc4 54. g8=Q Rxg8 55. Rxg8 d2 56. Rd8 b5 
57. Ke6 d1=Q 58. Rxd1 bxa4 59. Ra1 a3 60. Rb1 a2 61. Ra1 1/2-1/2

[Event "Friday 19 January Rapid Engine Tour 12+1 Rounds 9 Starts 1600 ST"]
[Site "Infinity Chess"]
[Date "2018.1.19"]
[Round "6"]
[White "Satria_Ungu"]
[Black "Wolle"]
[Result "0-1"]
[ECO "A06"]
[WhiteElo "2409"]
[BlackElo "2445"]
[WhiteEngine "Houdini 6"]
[BlackEngine "Raubfisch X37a2_CTG"]
[EventType "Swiss"]
[WhiteTeam ""]
[BlackTeam ""]
[PlyCount "196"]
[TimeControl "720+1"]

1. Nf3 d5 2. d4 Nf6 3. e3 e6 4. c4 Be7 5. Nc3 O-O 6. a3 Nbd7 7. b3 b6 8. Bd3 Bb7 
9. O-O c5 10. Bb2 dxc4 11. bxc4 a6 12. d5 exd5 13. Nxd5 Nxd5 14. cxd5 b5 
15. Qc2 g6 16. e4 Bf6 17. Bxf6 Qxf6 18. Qd2 Qd6 19. Bc2 Rae8 20. Rad1 f6 
21. Rfe1 Ne5 22. Nxe5 fxe5 23. Qc3 c4 24. Rd2 Bc8 25. Bd1 Rf4 26. g3 Rf6 
27. h4 Qc7 28. Kg2 Qe7 29. Qe3 a5 30. Be2 a4 31. Bd1 Ref8 32. Rb2 Bd7 33. h5 Qg7 
34. hxg6 Qxg6 35. Rh1 h6 36. f3 Kh7 37. g4 Rf4 38. Rh3 Qg5 39. Rd2 Kg7 
40. Kh1 R4f6 41. Qc3 Qf4 42. Rh5 Re8 43. Rg2 Rg6 44. Be2 Kh7 45. Rg1 Rg5 
46. Rh3 Kg7 47. Rh2 Rf8 48. Qb4 Rf7 49. Rgg2 Qc1+ 50. Rg1 Qf4 51. Qc3 Rf6 
52. Qb4 Kg8 53. Qe7 Rg7 54. Qd8+ Kh7 55. Qc7 Rfg6 56. Qc5 Kg8 57. Bd1 h5 
58. Qc7 Qf8 59. Qxe5 Rg5 60. Qc3 hxg4 61. Rgg2 g3 62. Rh4 Qe7 63. Qd4 Qxa3 
64. Kg1 Qe7 65. Re2 Re5 66. Rh1 Qe8 67. d6 a3 68. f4 Rh5 69. Ra2 Rxh1+ 
70. Kxh1 Qe6 71. Kg1 Qh6 72. Qd2 Bc6 73. Bf3 g2 74. Bxg2 Bxe4 75. Qe3 Bxg2 
76. Qe8+ Kh7 77. Rxg2 Rxg2+ 78. Kxg2 Qxd6 79. Kf3 a2 80. Qh5+ Kg7 81. Qg5+ Qg6 
82. Qe7+ Kh6 83. Qf8+ Qg7 84. Qd6+ Kh7 85. Qe6 a1=Q 86. Qh3+ Qh6 87. Qf5+ Qg6 
88. Qh3+ Kg7 89. Qd7+ Kh6 90. Qh3+ Qh5+ 91. Qxh5+ Kxh5 92. Ke4 c3 93. Kd3 Qb2 
94. Kd4 c2+ 95. Kd5 c1=Q 96. f5 Qc4+ 97. Kd6 Qf6+ 98. Kd7 Qcc6# 0-1

[Event "Friday 19 January Rapid Engine Tour 12+1 Rounds 9 Starts 1600 ST"]
[Site "Infinity Chess"]
[Date "2018.1.19"]
[Round "6"]
[White "star99"]
[Black "Katzenmaier"]
[Result "1/2-1/2"]
[ECO "E10"]
[WhiteElo "2418"]
[BlackElo "2479"]
[WhiteEngine "Cryptic AIL V1"]
[BlackEngine "S_XPrO.251117.x64.POPCNT_CTG"]
[EventType "Swiss"]
[WhiteTeam ""]
[BlackTeam ""]
[PlyCount "136"]
[TimeControl "720+1"]

1. d4 Nf6 2. c4 e6 3. Nf3 d5 4. Nc3 dxc4 5. e4 Bb4 6. Bxc4 Nxe4 7. O-O Nxc3 
8. bxc3 Be7 9. Ne5 O-O 10. Qg4 Bf6 11. Ba3 Be7 12. Bxe7 Qxe7 13. Rae1 Nd7 
14. f4 Nf6 15. Qg3 Qd8 16. Bd3 Nd5 17. Rf3 f5 18. Bc4 b6 19. Qh3 Bb7 20. g4 c5 
21. g5 b5 22. Bxb5 cxd4 23. Bd7 Qe7 24. Qh4 dxc3 25. Rh3 h6 26. gxh6 Qxh4 
27. Rxh4 Kh7 28. hxg7+ Kxg7 29. Kf2 Kf6 30. Rh6+ Kg7 31. Rxe6 Nxf4 32. Rg1+ Bg2 
33. Rc6 Rab8 34. Rxg2+ Nxg2 35. Kxg2 Rb2+ 36. Kg3 Re2 37. Nf3 f4+ 38. Kh4 c2 
39. Bg4 Rg2 40. Kh3 Re2 41. Kh4 Rg2 42. Kh3 Rf2 43. Nh4 Rd2 44. Nf5+ Kg8 
45. Nh4 Rf6 46. Rc8+ Kg7 47. Nf5+ Kg6 48. Nh4+ Kg7 49. Nf5+ Kf7 50. Rc7+ Ke6 
51. Ne3+ Kd6 52. Rd7+ Kc5 53. Rxd2 c1=Q 54. Rc2+ Qxc2 55. Nxc2 f3 56. Ne3 Kd4 
57. Nf5+ Kd3 58. Kg3 Ke4 59. Nh4 f2 60. Bf3+ Ke3 61. Ng2+ Kd4 62. Kxf2 Ra6 
63. h4 Rxa2+ 64. Kg3 Rxg2+ 65. Kxg2 Ke5 66. h5 Kf6 67. h6 Kg6 68. h7 Kxh7 
1/2-1/2

[Event "Friday 19 January Rapid Engine Tour 12+1 Rounds 9 Starts 1600 ST"]
[Site "Infinity Chess"]
[Date "2018.1.19"]
[Round "6"]
[White "NINJA_JENGKA"]
[Black "hafaba"]
[Result "1/2-1/2"]
[ECO "A40"]
[WhiteElo "2431"]
[BlackElo "2471"]
[WhiteEngine "Houdini 6_CTG"]
[BlackEngine "Stockfish SL 07012018 POPCNT_CTG"]
[EventType "Swiss"]
[WhiteTeam ""]
[BlackTeam ""]
[PlyCount "63"]
[TimeControl "720+1"]

1. d4 c6 2. Nf3 d5 3. c4 Nf6 4. e3 Bf5 5. Nc3 e6 6. Nh4 Be4 7. f3 Bg6 
8. Nxg6 hxg6 9. Qb3 Qc7 10. g3 Bd6 11. f4 Nbd7 12. Bd2 a5 13. Rc1 Bb4 
14. Bd3 Bxc3 15. bxc3 Ne4 16. Bxe4 dxe4 17. c5 Rh3 18. O-O O-O-O 19. Rf2 Nf6 
20. c4 Ng4 21. Rb1 a4 22. Qxa4 Rdh8 23. Ba5 Nxh2 24. Bxc7 Nf3+ 25. Kf1 Rh1+ 
26. Ke2 Rxb1 27. Rxf3 Rh2+ 28. Rf2 Rb2+ 29. Ke1 Rb1+ 30. Ke2 Rb2+ 31. Ke1 Rb1+ 
32. Ke2 1/2-1/2

[Event "Friday 19 January Rapid Engine Tour 12+1 Rounds 9 Starts 1600 ST"]
[Site "Infinity Chess"]
[Date "2018.1.19"]
[Round "6"]
[White "ocirema"]
[Black "angriff"]
[Result "1/2-1/2"]
[ECO "B00"]
[WhiteElo "2447"]
[BlackElo "2450"]
[WhiteEngine "stockfish_18011309_x64_modern_CTG"]
[BlackEngine "Raubfisch ME262_GTZ16b2_CTG"]
[EventType "Swiss"]
[WhiteTeam ""]
[BlackTeam ""]
[PlyCount "96"]
[TimeControl "720+1"]

1. e4 Nc6 2. d4 d5 3. e5 Bf5 4. c3 e6 5. Nf3 f6 6. Bb5 Nge7 7. exf6 gxf6 
8. Nh4 Bg6 9. O-O a6 10. Be2 Qd7 11. Re1 Bf7 12. Nd2 Ng6 13. Ndf3 Bd6 14. b4 e5 
15. dxe5 fxe5 16. Nxg6 hxg6 17. Ng5 e4 18. h3 Qe7 19. Be3 O-O 20. Qc1 Qe5 
21. f4 exf3 22. Nxf3 Qg3 23. Bf2 Qf4 24. Be3 Qg3 25. Bf2 Qf4 26. Bc5 Qxc1 
27. Raxc1 Bxc5+ 28. bxc5 Rae8 29. Nd4 Nxd4 30. cxd4 Re4 31. Bg4 c6 32. Rcd1 Rb8 
33. Kf2 Kg7 34. Rd3 g5 35. Bf3 Rxe1 36. Kxe1 b5 37. cxb6 Rxb6 38. Ra3 Rb4 
39. Rxa6 Rxd4 40. Rxc6 Ra4 41. Rc2 d4 42. Rd2 Be6 43. a3 Rxa3 44. Rxd4 Bxh3 
45. gxh3 Rxf3 46. h4 Rf4 47. Rxf4 gxf4 48. Kf2 Kf6 1/2-1/2

[Event "Friday 19 January Rapid Engine Tour 12+1 Rounds 9 Starts 1600 ST"]
[Site "Infinity Chess"]
[Date "2018.1.19"]
[Round "6"]
[White "CrapCleaner"]
[Black "Marsell"]
[Result "1/2-1/2"]
[ECO "C55"]
[WhiteElo "2448"]
[BlackElo "2492"]
[WhiteEngine "komodo-11.2.2-64bit_CTG"]
[BlackEngine "asmFishW_2018-01-11_popcnt"]
[EventType "Swiss"]
[WhiteTeam ""]
[BlackTeam ""]
[PlyCount "116"]
[TimeControl "720+1"]

1. e4 e5 2. Nf3 Nc6 3. Bc4 Nf6 4. d3 Bc5 5. c3 d6 6. O-O O-O 7. Bg5 h6 8. Bh4 a6 
9. a4 g5 10. Bg3 Ba7 11. Nbd2 Nh7 12. h3 h5 13. Kh1 Kh8 14. b4 h4 15. Bh2 g4 
16. hxg4 Bxg4 17. b5 Na5 18. Ba2 Ng5 19. d4 h3 20. gxh3 Nxh3 21. Qe1 Rg8 
22. Qe3 Kh7 23. Ng1 Qh4 24. Nxh3 exd4 25. Qf4 Qxh3 26. Rg1 dxc3 27. Rg3 Qh6 
28. Rxg4 Rxg4 29. Qxg4 cxd2 30. Qf5+ Kh8 31. Rd1 Bd4 32. Kg2 axb5 33. axb5 Be5 
34. Bxe5+ dxe5 35. Bxf7 Kg7 36. Ba2 Qg6+ 37. Qxg6+ Kxg6 38. Rxd2 Kg5 39. Kg3 c5 
40. Rd3 b6 41. Rd6 c4 42. Rxb6 Nb3 43. Ra6 Rb8 44. Rc6 Rxb5 45. Rxc4 Nd2 
46. Ra4 Rc5 47. Bd5 Rc3+ 48. Kg2 Nf3 49. Ra8 Ne1+ 50. Kf1 Nd3 51. Rf8 Kg4 
52. Rh8 Nf4 53. Rg8+ Kh4 54. Kg1 Rc1+ 55. Kh2 Rc2 56. Kg1 Rc1+ 57. Kh2 Rc2 
58. Kg1 Rc1+ 1/2-1/2

[Event "Friday 19 January Rapid Engine Tour 12+1 Rounds 9 Starts 1600 ST"]
[Site "Infinity Chess"]
[Date "2018.1.19"]
[Round "6"]
[White "Vimtiroba"]
[Black "KRAKEN"]
[Result "1/2-1/2"]
[ECO "C55"]
[WhiteElo "2496"]
[BlackElo "2481"]
[WhiteEngine "SF@Infinity_CTG"]
[BlackEngine "Raubfisch ME262_GTZ16b3._CTG"]
[EventType "Swiss"]
[WhiteTeam ""]
[BlackTeam ""]
[PlyCount "172"]
[TimeControl "720+1"]

1. e4 e5 2. Nf3 Nc6 3. Bc4 Nf6 4. d3 Bc5 5. O-O d6 6. c3 O-O 7. Re1 a5 8. h3 h6 
9. Nbd2 Be6 10. Bb5 Qb8 11. Nf1 Qa7 12. Be3 Bxe3 13. Nxe3 Ne7 14. Bc4 Bxc4 
15. Nxc4 Ng6 16. Ne3 a4 17. Nh2 Nf4 18. g3 Ne6 19. Qe2 g6 20. Rad1 Kg7 
21. h4 Rae8 22. Qd2 Qa5 23. Qc1 h5 24. Rf1 Qb6 25. Qd2 Kh7 26. Nf3 Kg7 
27. Nh2 Nc5 28. Kh1 Ncd7 29. Nf3 c6 30. Ng5 Ng4 31. Nc4 Qc7 32. f3 Ngf6 
33. Kg2 d5 34. Na3 Rd8 35. exd5 Nxd5 36. Ne4 Rfe8 37. Nc2 f5 38. Ng5 N5f6 
39. c4 Nc5 40. Qc3 Ne6 41. d4 e4 42. f4 Qe7 43. Ne3 Kg8 44. Rf2 Ng4 45. Rfd2 Qf6 
46. Nxg4 hxg4 47. Qe3 b6 48. Kf1 Re7 49. Nxe6 Rxe6 50. d5 cxd5 51. Rxd5 Rxd5 
52. cxd5 Rd6 53. Qa3 Kf8 54. Kg2 Kg7 55. Rd2 Qd8 56. Qc3+ Kh6 57. Qe5 Kh7 
58. b3 axb3 59. axb3 Qd7 60. Rd1 Qc7 61. Rd2 Qd7 62. b4 Kg8 63. Kf2 b5 
64. Kg2 Kh7 65. Kf1 Kg8 66. Ke2 Kh7 67. Kf1 Kg8 68. Kg2 Kh7 69. Kg1 Kg8 
70. Qc3 Qe7 71. Kh2 Qd7 72. Kg1 Kh7 73. Qc5 Kh6 74. Kf2 Kg7 75. Qc3+ Kf7 
76. Qh8 e3+ 77. Kxe3 Qa7+ 78. Ke2 Qg1 79. Qh7+ Kf8 80. Qh8+ Kf7 81. Rd3 Qg2+ 
82. Kd1 Rxd5 83. Qh7+ Kf6 84. Qh8+ Kf7 85. Qh7+ Kf6 86. Qh8+ Kf7 1/2-1/2

[Event "Friday 19 January Rapid Engine Tour 12+1 Rounds 9 Starts 1600 ST"]
[Site "Infinity Chess"]
[Date "2018.1.19"]
[Round "6"]
[White "Dovahkiin"]
[Black "Deep SKY"]
[Result "1/2-1/2"]
[ECO ""]
[WhiteElo "2446"]
[BlackElo "2472"]
[WhiteEngine "BrainFish_180113_x64_modern_CTG"]
[BlackEngine "BrainFish_180106_x64_CTG"]
[EventType "Swiss"]
[WhiteTeam ""]
[BlackTeam ""]
[PlyCount "104"]
[TimeControl "720+1"]

1. e3 d5 2. d3 e5 3. d4 Nd7 4. dxe5 Nxe5 5. Nd2 c6 6. Ngf3 Nxf3+ 7. Nxf3 Nf6 
8. c4 Ne4 9. a3 Be6 10. Qc2 Qa5+ 11. Nd2 Bb4 12. cxd5 Bxd2+ 13. Bxd2 Qxd5 
14. Bb4 a5 15. Bd3 Nxf2 16. Kxf2 axb4 17. axb4 Ke7 18. Qc3 Rhd8 19. Rxa8 Rxa8 
20. b5 c5 21. Be2 Qg5 22. Bf3 Ra4 23. Rd1 Rb4 24. Qd3 Kf6 25. Bxb7 Qf5+ 
26. Qxf5+ Kxf5 27. Rd2 Rxb5 28. Bc6 Rb4 29. Bd5 Ke5 30. Bxe6 fxe6 31. Rc2 Kd5 
32. Kf3 g5 33. Rd2+ Kc6 34. h3 h6 35. Re2 h5 36. Rc2 Kb5 37. Rd2 c4 38. Rc2 h4 
39. g3 e5 40. gxh4 gxh4 41. Rg2 Ka4 42. Rg4 Kb3 43. Rxh4 Kxb2 44. Re4 Ra4 
45. Rxe5 c3 46. Rb5+ Kc1 47. e4 c2 48. Rc5 Ra3+ 49. Kf4 Kb2 50. Rxc2+ Kxc2 
51. h4 Kd3 52. e5 Ra1 1/2-1/2

[Event "Friday 19 January Rapid Engine Tour 12+1 Rounds 9 Starts 1600 ST"]
[Site "Infinity Chess"]
[Date "2018.1.19"]
[Round "6"]
[White "Neoxium"]
[Black "MGR"]
[Result "1/2-1/2"]
[ECO "A45"]
[WhiteElo "2495"]
[BlackElo "2474"]
[WhiteEngine "SF SL FA-IDeA"]
[BlackEngine "asmFishW_2017-11-19_bmi2"]
[EventType "Swiss"]
[WhiteTeam ""]
[BlackTeam ""]
[PlyCount "123"]
[TimeControl "720+1"]

1. d4 Nf6 2. e3 d5 3. Nf3 e6 4. Bd3 Be7 5. Nbd2 O-O 6. b3 b6 7. O-O Bb7 
8. Bb2 Nbd7 9. Qe2 a5 10. c4 c5 11. cxd5 Nxd5 12. Bb5 cxd4 13. Nxd4 Nc5 
14. Nc6 Bxc6 15. Bxc6 Rc8 16. Bxd5 Qxd5 17. Nc4 Qc6 18. Ne5 Qb7 19. Qb5 Bf6 
20. Rac1 Qe4 21. Nc4 Bxb2 22. Nxb2 Qb4 23. Qxb4 axb4 24. Rc2 h6 25. Nc4 Nxb3 
26. axb3 b5 27. Rfc1 bxc4 28. Rxc4 Rb8 29. g3 Rfd8 30. Rd4 Rxd4 31. exd4 g5 
32. Kg2 f5 33. Rc5 Rd8 34. Rc6 Rxd4 35. Rxe6 Rd3 36. Rxh6 Kg7 37. Rb6 Rxb3 
38. Rb7+ Kf6 39. Rb5 g4 40. Rb6+ Ke5 41. Rb7 f4 42. gxf4+ Kxf4 43. Rb6 Ke4 
44. Rb5 Rb2 45. Kg3 b3 46. Kxg4 Rb1 47. Rb4+ Kd3 48. Kf5 Rb2 49. Rb6 Rxf2+ 
50. Kg4 Kc2 51. h4 b2 52. h5 b1=Q 53. Rxb1 Kxb1 54. h6 Rf1 55. Kh5 Rc1 
56. h7 Rh1+ 57. Kg6 Rg1+ 58. Kf5 Rf1+ 59. Kg5 Rg1+ 60. Kf5 Rf1+ 61. Kg5 Rg1+ 
62. Kf5 1/2-1/2

[Event "Friday 19 January Rapid Engine Tour 12+1 Rounds 9 Starts 1600 ST"]
[Site "Infinity Chess"]
[Date "2018.1.19"]
[Round "6"]
[White "xeonrocks"]
[Black "RonWeasley"]
[Result "1/2-1/2 "]
[ECO "C11"]
[WhiteElo "2541"]
[BlackElo "2479"]
[WhiteEngine "asmFishW_CTG"]
[BlackEngine "BrainFish 130117_CTG"]
[EventType "Swiss"]
[WhiteTeam ""]
[BlackTeam ""]
[PlyCount "231"]
[TimeControl "720+1"]

1. e4 e6 2. d4 d5 3. Nc3 Nf6 4. e5 Nfd7 5. f4 c5 6. Nf3 Nc6 7. Be3 cxd4 
8. Nxd4 Qb6 9. Qd2 Qxb2 10. Rb1 Qa3 11. Bb5 Nxd4 12. Bxd4 a6 13. Bxd7+ Bxd7 
14. Rb3 Qe7 15. Rxb7 Rc8 16. O-O Qd8 17. Qe3 Rc4 18. Rfb1 Be7 19. f5 Bg5 
20. Qd3 O-O 21. f6 Bc6 22. Bb6 Qe8 23. Re7 Qb8 24. Bd4 Rb4 25. Rb3 a5 
26. Ne2 Qb5 27. Qd1 a4 28. Rxb4 Qxb4 29. Rc7 Bb5 30. Nc3 Ba6 31. Kh1 Bh6 
32. fxg7 Rc8 33. Ra7 Qc4 34. Qf3 Qf1+ 35. Qxf1 Bxf1 36. Kg1 Bc4 37. Nxa4 Bxa2 
38. c3 Bb1 39. Nb6 Rd8 40. Kf2 Bg6 41. h4 Bxg7 42. g4 h5 43. g5 Be4 44. Nd7 Rc8 
45. Ke3 Bf5 46. Kf4 Bg6 47. Rb7 Ra8 48. Ba7 Bf8 49. Nf6+ Kh8 50. Rc7 Ba3 
51. Kf3 Bb2 52. Be3 Kg7 53. Kf2 Ba3 54. Ke1 Bf8 55. Bf2 Ra1+ 56. Ke2 Ra8 
57. Bd4 Kh8 58. Ke3 Ba3 59. Ke2 Kg7 60. Kd1 Bb2 61. Kd2 Ba3 62. Kd1 Bf8 
63. Ke2 Ba3 64. Kd2 Bf8 65. Rd7 Ba3 66. Ba7 Rc8 67. Rb7 Rd8 68. Bb6 Ra8 
69. Kd1 Bb2 70. Bd4 Ba3 71. Rd7 Rb8 72. Ra7 Bf8 73. Ke2 Kh8 74. Ra4 Bg7 
75. Rb4 Ra8 76. Kf3 Bxf6 77. exf6 Kh7 78. c4 dxc4 79. Rxc4 Bf5 80. Rb4 Kg6 
81. Ke3 Ra2 82. Bb2 Ra5 83. Kf4 Rd5 84. Ra4 Rd8 85. Rd4 Rb8 86. Ba3 Rb3 
87. Bc5 Rc3 88. Ba7 Ra3 89. Bc5 Ra5 90. Bd6 Rb5 91. Ra4 Rd5 92. Bb8 Rd3 
93. Ba7 Rd6 94. Be3 Rd5 95. Ra8 e5+ 96. Kf3 Bc2 97. Rc8 Bd3 98. Rh8 Ra5 
99. Rh6+ Kf5 100. g6 Kxf6 101. Bg5+ Kg7 102. gxf7 Kxf7 103. Rxh5 Kg7 
104. Kg3 Bg6 105. Bh6+ Kf7 106. Rg5 Ra3+ 107. Kf2 Ra2+ 108. Ke3 Kf6 109. h5 Be8 
110. Rg1 Bxh5 111. Bg7+ Kf5 112. Bxe5 Re2+ 113. Kd4 Re4+ 114. Kc3 Rxe5 
115. Ra1 Bf7 116. Rf1+ 1/2-1/2

[Event "Friday 19 January Rapid Engine Tour 12+1 Rounds 9 Starts 1600 ST"]
[Site "Infinity Chess"]
[Date "2018.1.19"]
[Round "5"]
[White "BraveDevil"]
[Black "OlivierEvan"]
[Result "1/2-1/2"]
[ECO "D44"]
[WhiteElo "2372"]
[BlackElo "2380"]
[WhiteEngine "Cryptic AIL V1"]
[BlackEngine "stockfish_18011309_x64"]
[EventType "Swiss"]
[WhiteTeam ""]
[BlackTeam ""]
[PlyCount "67"]
[TimeControl "720+1"]

1. d4 d5 2. c4 e6 3. Nc3 Nf6 4. Nf3 c6 5. Bg5 h6 6. Bh4 dxc4 7. e4 g5 8. Bg3 b5 
9. Be2 Bb7 10. O-O Nbd7 11. Ne5 Bg7 12. Nxd7 Nxd7 13. Bd6 a6 14. a4 b4 
15. Bxb4 Qb6 16. Ba3 Qxd4 17. a5 c5 18. Qa4 Rc8 19. Rad1 Bc6 20. Qc2 Qe5 
21. Bxc4 O-O 22. Bxa6 Ra8 23. Bb5 Qc7 24. Bxc6 Qxc6 25. Ne2 Rxa5 26. f4 Ra4 
27. e5 Rfa8 28. g3 Bf8 29. Rf2 Be7 30. Nd4 Qa6 31. Nb3 Qc6 32. Nd4 Qa6 
33. Nb3 Qc6 34. Nd4 1/2-1/2

[Event "Friday 19 January Rapid Engine Tour 12+1 Rounds 9 Starts 1600 ST"]
[Site "Infinity Chess"]
[Date "2018.1.19"]
[Round "5"]
[White "ocirema"]
[Black "Thinker"]
[Result "1-0"]
[ECO "D31"]
[WhiteElo "2431"]
[BlackElo "2437"]
[WhiteEngine "stockfish_18011309_x64_modern_CTG"]
[BlackEngine "BrainFish_180113_x64_modern_CTG"]
[EventType "Swiss"]
[WhiteTeam ""]
[BlackTeam ""]
[PlyCount "223"]
[TimeControl "720+1"]

1. d4 d5 2. c4 e6 3. Nc3 c6 4. e4 dxe4 5. Nxe4 Bb4+ 6. Bd2 Qxd4 7. Bxb4 Qxe4+ 
8. Be2 Na6 9. Bd6 Qxg2 10. Qd2 Nf6 11. Bf3 Qg6 12. O-O-O e5 13. Bxe5 Be6 
14. Ne2 Qf5 15. Bf4 Bxc4 16. Rhg1 Bxa2 17. Qe3+ Qe6 18. Be5 Nd5 19. Bxd5 Bxd5 
20. Nd4 Qe7 21. Nf5 Qc5+ 22. Qxc5 Nxc5 23. Bxg7 Rg8 24. Nh6 O-O-O 25. Nxg8 Rxg8 
26. b4 Na6 27. b5 Nc5 28. bxc6 Bxc6 29. f4 Re8 30. Be5 Be4 31. Rg3 b6 
32. Bd6 Ne6 33. Re3 Bg6 34. Rc3+ Kb7 35. Rd5 Ng7 36. Be5 Ne6 37. Rd7+ Ka8 
38. Bd4 Kb8 39. Kd2 Nxd4 40. Rxd4 Re7 41. Rc6 Be4 42. Rf6 Kb7 43. h4 Ka6 
44. Rfd6 Bf5 45. Rf6 Be4 46. Rfd6 Bf5 47. h5 Bg4 48. Rh6 Bf5 49. Rf6 Be4 
50. Rfd6 Bf5 51. h6 Re6 52. Ra4+ Kb5 53. Rxe6 fxe6 54. Rxa7 Kc5 55. Ra1 Kd5 
56. Ra4 e5 57. fxe5 Kxe5 58. Rb4 Bg6 59. Rxb6 Kf5 60. Rb5+ Kg4 61. Ke3 Bf7 
62. Kd4 Bg6 63. Re5 Bf5 64. Kc5 Kg5 65. Kd6 Kf6 66. Re2 Bc8 67. Rh2 Bb7 
68. Rh3 Be4 69. Re3 Bg6 70. Re2 Bd3 71. Re6+ Kg5 72. Ke7 Bf5 73. Re5 Kg6 
74. Re1 Bh3 75. Rh1 Bc8 76. Rh2 Bb7 77. Rb2 Be4 78. Rb6+ Kf5 79. Kf7 Bd3 
80. Rb8 Bc2 81. Re8 Bb1 82. Kg7 Bc2 83. Kxh7 Kf6+ 84. Kg8 Bb3+ 85. Kh7 Bc2+ 
86. Kh8 Kg6 87. Re6+ Kf7 88. Rb6 Be4 89. Rb5 Kg6 90. h7 Kf7 91. Rc5 Bd3 
92. Rc7+ Kf8 93. Rc3 Be2 94. Rc2 Bd3 95. Rf2+ Ke7 96. Kg8 Bxh7+ 97. Kxh7 Ke6 
98. Rd2 Ke5 99. Kg6 Ke6 100. Kg5 Ke5 101. Rd8 Ke6 102. Kf4 Ke7 103. Rd4 Ke6 
104. Rd1 Kf7 105. Kf5 Ke7 106. Rd4 Kf7 107. Re4 Kg7 108. Re7+ Kf8 109. Kf6 Kg8 
110. Re8+ Kh7 111. Ra8 Kh6 112. Rh8# 1-0

[Event "Friday 19 January Rapid Engine Tour 12+1 Rounds 9 Starts 1600 ST"]
[Site "Infinity Chess"]
[Date "2018.1.19"]
[Round "5"]
[White "Boggyman"]
[Black "Wolle"]
[Result "1/2-1/2"]
[ECO "C53"]
[WhiteElo "2430"]
[BlackElo "2446"]
[WhiteEngine "Raubfisch ME262_GTZ16b3._CTG"]
[BlackEngine "Raubfisch X37a2_CTG"]
[EventType "Swiss"]
[WhiteTeam ""]
[BlackTeam ""]
[PlyCount "98"]
[TimeControl "720+1"]

1. e4 e5 2. Nf3 Nc6 3. Bc4 Bc5 4. c3 Nf6 5. d3 d6 6. O-O a5 7. Bg5 Ba7 
8. Nbd2 h6 9. Bh4 Qe7 10. Bb5 g5 11. Bg3 O-O 12. Nc4 Nb8 13. Ba4 Be6 
14. Ne3 Bxe3 15. fxe3 Nbd7 16. Bc2 Bg4 17. h3 Bh5 18. a4 c6 19. Qe2 Kh7 
20. Qd2 Qe6 21. b4 axb4 22. cxb4 Rg8 23. Kh2 Rg7 24. a5 Kh8 25. Rab1 Bxf3 
26. Rxf3 g4 27. Bb3 d5 28. Rf5 gxh3 29. gxh3 Rag8 30. Rg1 Rg6 31. Qa2 R8g7 
32. Rff1 Qd6 33. b5 cxb5 34. Bxd5 Nxd5 35. Qxd5 b4 36. Qxd6 Rxd6 37. d4 Ra6 
38. Rb1 Rxa5 39. Rxb4 b6 40. Rc4 exd4 41. exd4 Kh7 42. Rc6 b5 43. Rg2 Ra4 
44. Bf2 b4 45. Rxg7+ Kxg7 46. Rc4 Nb6 47. Rc6 Nd7 48. Rc4 Nb6 49. Rc6 Nd7 
1/2-1/2

[Event "Friday 19 January Rapid Engine Tour 12+1 Rounds 9 Starts 1600 ST"]
[Site "Infinity Chess"]
[Date "2018.1.19"]
[Round "5"]
[White "Katzenmaier"]
[Black "neófito"]
[Result "1/2-1/2"]
[ECO "C26"]
[WhiteElo "2481"]
[BlackElo "2440"]
[WhiteEngine "S_XPrO.251117.x64.POPCNT_CTG"]
[BlackEngine "asmFishW_2018-01-12_bmi2"]
[EventType "Swiss"]
[WhiteTeam ""]
[BlackTeam ""]
[PlyCount "52"]
[TimeControl "720+1"]

1. e4 e5 2. Nc3 Nf6 3. g3 Bc5 4. Bg2 Nc6 5. Nge2 d6 6. Na4 h5 7. h3 h4 
8. g4 Nxg4 9. hxg4 Bxg4 10. Nxc5 dxc5 11. d3 Nd4 12. f3 Nxf3+ 13. Bxf3 Bxf3 
14. O-O Bg4 15. Qe1 Qd7 16. Kh2 O-O-O 17. Nc3 b6 18. Rg1 Rhg8 19. a4 a5 
20. Qf2 Be6 21. Be3 Rdf8 22. Raf1 f6 23. Rg6 Bf7 24. Rgg1 Be6 25. Rg6 Bf7 
26. Rgg1 Be6 1/2-1/2

[Event "Friday 19 January Rapid Engine Tour 12+1 Rounds 9 Starts 1600 ST"]
[Site "Infinity Chess"]
[Date "2018.1.19"]
[Round "5"]
[White "hafaba"]
[Black "Satria_Ungu"]
[Result "1/2-1/2"]
[ECO "A04"]
[WhiteElo "2474"]
[BlackElo "2406"]
[WhiteEngine "Stockfish SL 07012018 POPCNT_CTG"]
[BlackEngine "Houdini 6"]
[EventType "Swiss"]
[WhiteTeam ""]
[BlackTeam ""]
[PlyCount "76"]
[TimeControl "720+1"]

1. Nf3 c5 2. e4 d6 3. d4 cxd4 4. Nxd4 Nf6 5. Nc3 a6 6. g3 e5 7. Nde2 Be7 
8. Bg2 O-O 9. Be3 b5 10. Nd5 Nbd7 11. Nec3 Rb8 12. Nxe7+ Qxe7 13. O-O h6 
14. Qe2 b4 15. Nd5 Nxd5 16. exd5 f5 17. a3 bxa3 18. b3 Qf7 19. f4 Nf6 20. Qd2 e4 
21. Rfd1 Ng4 22. Bd4 Qxd5 23. Ba7 Qxd2 24. Rxd2 Rb7 25. Bd4 g5 26. Rxa3 gxf4 
27. gxf4 Re7 28. Ra4 Kh7 29. Ra5 Rff7 30. Re2 Nf6 31. Rd2 Re8 32. Kf1 Nh5 
33. Be3 Rc7 34. Rad5 Rc3 35. Bd4 Rc6 36. Be3 Rc3 37. Bd4 Rc6 38. Be3 Rc3 1/2-1/2